 Dungeon Crawl Stone Soup version 0.31-a0-963-ga325b2283a (webtiles) character file.

Game seed: 4459398229709472109

205 Pixllover the Chopper (level 5, 0/47 HPs)
             Began as a Hill Orc Monk on Oct 25, 2023.
             Splashed by a jelly's acid (8 damage)
             ... on level 4 of the Dungeon.
             The game lasted 00:03:55 (2291 turns).

Pixllover the Chopper (Hill Orc Monk)               Turns: 2291, Time: 00:03:55

Health: 0/47       AC:  1    Str: 16    XL:     5   Next: 83%
Magic:  5/5        EV: 11    Int: 10    God:
Gold:   114        SH:  5    Dex: 13    Spells: 4/4 levels left

rFire   . . .        a - +0 hand axe
rCold   . . .        d - orb {light}
rNeg    . . .        s - +0 ring mail
rPois   .            (no helmet)
rElec   .            (no cloak)
rCorr   .            (no gloves)
SInv    .            (no boots)
Will    .....        q - amulet of reflection
Stlth   +            (no ring)
HPRegen 0.27/turn    (no ring)
MPRegen 0.09/turn

%: reflection
@: corroded, glowing
A: no striking features
a: no special abilities


You were on level 4 of the Dungeon.
You visited 1 branch of the dungeon, and saw 4 of its levels.

You collected 114 gold pieces.

Inventory:

Hand Weapons
 a - a +0 hand axe (weapon)
Missiles
 p - 4 curare-tipped darts
 r - 3 darts of dispersal
Armour
 d - an orb of light (worn)
 s - a +0 ring mail (worn)
Jewellery
 o - a +6 ring of dexterity
 q - an amulet of reflection (around neck)
Scrolls
 f - a scroll of poison {unknown}
 i - 5 scrolls of fog {unknown}
 j - 3 scrolls of enchant weapon {unknown}
 k - a scroll of blinking {unknown}
 l - 3 scrolls of enchant armour {unknown}
 n - 3 scrolls of identify {unknown}
Potions
 b - a potion of resistance {unknown}
 c - a potion of might {unknown}
 e - a potion of degeneration {unknown}
 g - a potion of lignification {unknown}
 h - a potion of attraction {unknown}
 m - a potion of curing {unknown}


   Skills:
 + Level 4.6 Fighting
 + Level 6.0 Axes
 + Level 1.2 Armour
 + Level 3.3 Dodging
 + Level 0.1 Stealth
 + Level 1.4 Shields


You had 4 spell levels left.
You didn't know any spells.
Your spell library contained the following spells:

 Spells                   Type           Power      Damage    Failure   Level
 Shock                    Conj/Air       0%         1d3       58%         1
 Slow                     Hex            0%         N/A       58%         1
 Confusing Touch          Hex            0%         N/A       91%         3
 Sigil of Binding         Hex            0%         N/A       91%         3
 Swiftness                Air            0%         N/A       91%         3
 Vampiric Draining        Necr           0%         2d6       91%         3
 Airstrike                Air            0%         2d(0-16)  100%        4


Dungeon Overview and Level Annotations

Branches:
Dungeon (4/15)
 Temple: D:4-7

Altars:
Dithmenos

Annotations:
D:2 Sigmund


Message History

There is a stone staircase leading up here.
You slash the iguana!
The iguana is heavily wounded.
You hit the adder but do no damage. The adder misses you.
You block the iguana's attack.
You hit the iguana.
The iguana is heavily wounded.
You hit the adder. The adder closely misses you. The iguana bites you.
The adder closely misses you.
You hit the iguana but do no damage.
The iguana is heavily wounded.
You hit the adder. You block the adder's attack. The iguana closely misses you.
You hit the iguana.
The iguana is almost dead.
You barely miss the adder. The adder misses you. The iguana bites you!
You slash the iguana!
You kill the iguana!
You hit the adder. You hit the jelly but do no damage.
Your hands burn!
You block the adder's attack. The jelly hits you but does no damage.
The adder closely misses you.
Your Axes skill increases to level 6!
You hit the adder.
You kill the adder!
You hit the jelly.
Your hands burn!
The jelly hits you.
You are splashed with acid.
The jelly hits you. The acid corrodes you!
You are splashed with acid!
* * * LOW HITPOINT WARNING * * *
You see here an adder corpse.
You hit the jelly.
Your hands burn!
* * * LOW HITPOINT WARNING * * *
The jelly is heavily wounded.
The jelly barely misses you.
You hit the jelly but do no damage.
Your hands burn!
* * * LOW HITPOINT WARNING * * *
The jelly is heavily wounded.
The jelly hits you but does no damage. The jelly hits you.
* * * LOW HITPOINT WARNING * * *
You are splashed with acid!
You die...

#. #. #. ##.
# #..
...##..
#..[...#####
#......†@..#
#......J...#
...........#
...........#
#..........#
#..........#
#..........#
#..........#


You could see a jelly.

Vanquished Creatures
  A scorpion (D:4)
  An iguana (D:4)
  5 adders
  A gnoll (D:4)
  4 dart slugs
  3 orcs (D:3)
  6 ball pythons
  4 bats
  8 endoplasms
  3 giant cockroaches
  4 jackals (D:2)
  2 quokkas
  3 frilled lizards
  5 goblins
  5 kobolds
  3 rats
58 creatures vanquished.

Notes
Turn   | Place    | Note
-------+----------+-------------------------------------------
     0 | D:1      | Pixllover the Hill Orc Monk began the quest for the Orb.
     0 | D:1      | Reached XP level 1. HP: 19/19 MP: 1/1
   280 | D:1      | Reached XP level 2. HP: 27/27 MP: 2/2
  1028 | D:2      | Found a faded altar of an unknown god.
  1038 | D:2      | Reached XP level 3. HP: 5/33 MP: 3/3
  1143 | D:2      | Noticed Sigmund
  1209 | D:2      | Reached skill level 5 in Axes
  1346 | D:3      | Reached XP level 4. HP: 27/40 MP: 4/4
  1994 | D:4      | Noticed a scorpion
  2009 | D:4      | Killed a scorpion
  2010 | D:4      | Reached skill level 1 in Shields
  2010 | D:4      | Reached XP level 5. HP: 46/47 MP: 5/5
  2028 | D:4      | Found a shadowy altar of Dithmenos.
  2070 | D:4      | Reached skill level 1 in Armour
  2287 | D:4      | Reached skill level 6 in Axes
  2291 | D:4      | Splashed by a jelly's acid

Illustrated notes

Levels and vault maps discovered:
D:1:      evilmike_arrival_hilbert_curve, layout_basic, st_stairs_6,
          minmay_pentomino_t4
D:2:      layout_rooms, basic_ecumenical_altar, uniq_sigmund
D:3:      layout_rooms
D:4:      layout_rooms, grunt_dithmenos_smoke_and_mirrors,
          gammafunk_ghost_gnarly_gnolls, uniq_natasha

Skill      XL: |  1  2  3  4  5 |
---------------+----------------+-----
Fighting       | 4 |  4.6
Dodging        | 3 |  3.3
Axes           | 5 6 |  6.0
Shields        | 1 |  1.4
Armour         | 1 |  1.2
Stealth        | |  0.1

Action                     |  1- 3 |  4- 6 || total
---------------------------+-------+-------++-------
  Melee: Hand axe          |    73 |    82 ||   155
    Use: Potion            |     1 |       ||     1
 Armour: Robe              |    62 |     4 ||    66
         Ring mail         |       |    55 ||    55
  Dodge: Dodged            |    85 |    73 ||   158
  Block: Orb               |    17 |    30 ||    47
         Reflection        |       |     2 ||     2

Table legend: (Time is in decaauts)
 A = Elapsed time spent in this place.
 B = Non-inter-level travel time spent in this place.
 C = Inter-level travel time spent in this place.
 D = Time resting spent in this place.
 E = Time spent auto-exploring this place.
 F = Levels seen in this place.
 G = Mean time per level.
                   A        B        C        D        E       F      G
               +--------+--------+--------+--------+--------+-----+--------+
         Total |   2298 |   2275 |     23 |    369 |   1155 |   4 |  574.5 |
       Dungeon |   2298 |   2275 |     23 |    369 |   1155 |   4 |  574.5 |
               +--------+--------+--------+--------+--------+-----+--------+

Top non-repeatable levels by time:
     D:1: 1063 daAuts
     D:3: 982 daAuts
     D:2: 159 daAuts
     D:4: 93 daAuts
